 Dungeon Crawl Stone Soup version 0.29-a0-553-g81b289dbe5 (webtiles) character file.

Game seed: 8797836119662609165

21 grumblor the Skirmisher (level 2, 0/25 HPs)
             Began as a Mummy Fighter on June 6, 2022.
             Slain by a gnoll
             ... wielding a +0 spear
              (2 damage)
             ... on level 2 of the Dungeon.
             The game lasted 00:00:48 (725 turns).

grumblor the Skirmisher (Mummy Fighter)              Turns: 725, Time: 00:00:48

Health: 0/25       AC:  6    Str: 19    XL:     2   Next: 62%
Magic:  2/2        EV:  9    Int:  7    God:
Gold:   14         SH:  4    Dex: 11    Spells: 1/1 levels left

rFire   x . .      SeeInvis .   a - +0 war axe
rCold   + . .      Faith    .   c - +0 buckler
rNeg    + + +      Spirit   .   b - +0 scale mail
rPois   ∞          Reflect  .   (no helmet)
rElec   .          Harm     .   (no cloak)
rCorr   .          Rampage  .   (no gloves)
Will    .....                   (no boots)
Stlth   ..........              (no amulet)
HPRegen 0.08/turn               (no ring)
MPRegen 0.08/turn               (no ring)

@: no status effects
A: cold resistance 1, negative energy resistance 3, torment resistance 2, heat
vulnerability 1, no potions
a: no special abilities


You were on level 2 of the Dungeon.
You visited 1 branch of the dungeon, and saw 2 of its levels.

You collected 14 gold pieces.

Inventory:

Hand Weapons
 a - a +0 war axe (weapon)
Armour
 b - a +0 scale mail (worn)
 c - a +0 buckler (worn)
Scrolls
 d - a scroll of noise {unknown}


   Skills:
 * Level 3.7 Fighting
 + Level 1.9 Axes
 - Level 2.4 Armour
 - Level 2.4 Shields


You had one spell level left.
You didn't know any spells.
Your spell library contained the following spells:

 Spells                   Type           Power      Damage    Failure   Level
 Static Discharge         Conj/Air       0%         N/A       96%         2
 Lightning Bolt           Conj/Air       0%         1d11      100%        5
 Maxwell's Capacitive Co  Air            0%         ∞         100%        8


Dungeon Overview and Level Annotations

Branches:
Dungeon (2/15)

Altars:

Shops:
D:2 (


Innate Abilities, Weirdness & Mutations

You are immune to poison.
Your flesh is cold resistant. (rC+)
You are immune to negative energy. (rN+++)
You are immune to unholy pain and torment.
You are vulnerable to heat. (rF-)
You do not drink.


Message History

No target in view!
No target in view!
You see here a +0 dagger.
A quokka comes into view.
You slash the quokka!
You kill the quokka!
No target in view!
No target in view!
No target in view!
You open the door.
There is an open door here. 2 gnolls come into view.
The gnoll shouts! x2
A gnoll comes into view. It is wielding a +0 spear.
The gnoll moves out of view.
The gnoll shouts!
A gnoll comes into view. It is wielding a +0 club.
There are monsters nearby!
The gnoll shouts!
The gnoll throws a throwing net.
The throwing net hits you.
You become entangled in the net!
You see here a throwing net.
There are monsters nearby!
You are held in a net!
You are held in a net!
Unknown command.
You struggle against the net.
You struggle against the net.
The gnoll barely misses you. x2
You rip the net and break free!
The gnoll hits you from afar with a +0 spear.
The gnoll hits you with a +0 flail.
Unknown command.
You completely miss the gnoll. You hit the gnoll. The gnoll closely misses you.
The gnoll hits you with a +0 club. The gnoll barely misses you.
The gnoll misses you. The gnoll hits you with a +0 club.
Unknown command.
The gnoll barely misses you. The gnoll hits you with a +0 club.
* * * LOW HITPOINT WARNING * * *
The gnoll hits you with a +0 spear.
You die...

##### ....# #######....#
#..........+ #..........#
#.....gg...# #....g@#
###....g.######♣#########
.........................
##.......####♣∩♣####≈#.#
#####'#.# #.......≈≈†.
#.#.# #.♣#####≈.##
#.#.#..#.# ##.##
#.#.#..#.# ##.#
#.#.#..#)# ##.##


You could see 4 gnolls.

Vanquished Creatures
  3 ball pythons
  An endoplasm (D:1)
  4 goblins
  2 hobgoblins
  A kobold (D:1)
  3 quokkas
  2 bats
  A frilled lizard (D:1)
17 creatures vanquished.

Vanquished Creatures (others)
  A withered plant (D:2)
1 creature vanquished.

Grand Total: 18 creatures vanquished

Notes
Turn   | Place    | Note
-------+----------+-------------------------------------------
     0 | D:1      | grumblor the Mummy Fighter began the quest for the Orb.
     0 | D:1      | Reached XP level 1. HP: 18/18 MP: 1/1
   275 | D:1      | Reached XP level 2. HP: 24/24 MP: 2/2
   626 | D:2      | Found Baceuj's Antique Weapon Shoppe.
   725 | D:2      | Slain by a gnoll

Illustrated notes

Levels and vault maps discovered:
D:1:      nzn_arrival_depleted_hourglass, layout_basic
D:2:      layout_basic, serial_shops, nicolae_shop_stone, nicolae_shop_trees,
          basic_altar, serial_rivers, chequers_serial_rivers_large_b,
          chequers_serial_rivers_small_b, chequers_serial_rivers_micro_a,
          chequers_serial_rivers_micro_b, chequers_serial_rivers_micro_e,
          chequers_serial_rivers_small_b, ebering_ecumenical_altar_petrified,
          nicolae_figureground_pulse, uniq_sigmund

Action                   || total
-------------------------++-------
Melee: War axe           ||    43
Armor: Scale mail        ||    22
Dodge: Dodged            ||    41
Block: Buckler           ||    15

Table legend: (Time is in decaauts)
 A = Elapsed time spent in this place.
 B = Non-inter-level travel time spent in this place.
 C = Inter-level travel time spent in this place.
 D = Time resting spent in this place.
 E = Time spent auto-exploring this place.
 F = Levels seen in this place.
 G = Mean time per level.
                   A        B        C        D        E       F      G
               +--------+--------+--------+--------+--------+-----+--------+
         Total |    746 |    732 |     14 |      0 |    588 |   2 |  373.0 |
       Dungeon |    746 |    732 |     14 |      0 |    588 |   2 |  373.0 |
               +--------+--------+--------+--------+--------+-----+--------+

Top non-repeatable levels by time:
     D:1: 570 daAuts
     D:2: 176 daAuts
